 Dungeon Crawl Stone Soup version 0.30.1-3-gfc49f6343a (webtiles) character file.

Game seed: 12055743169033362515

114 spardeous the Chiller (level 4, -2/33 HPs)
             Began as a Demigod Ice Elementalist on July 28, 2023.
             Slain by Robin
             ... wielding a +2 dagger of electrocution
              (11 damage)
             ... on level 3 of the Dungeon.
             The game lasted 00:04:04 (2760 turns).

spardeous the Chiller (Demigod Ice Elementalist)    Turns: 2760, Time: 00:04:04

Health: -2/33      AC:  2    Str:  9    XL:     4   Next: 41%
Magic:  5/9        EV: 12    Int: 21    God:
Gold:   172        SH:  0    Dex: 14    Spells: 2/6 levels left

rFire   . . .        i - staff of earth
rCold   . . .        (no shield)
rNeg    . . .        a - +0 robe
rPois   .            (no helmet)
rElec   .            (no cloak)
rCorr   .            (no gloves)
SInv    .            (no boots)
Will    .....        (no amulet)
Stlth   ++           (no ring)
HPRegen 0.25/turn    (no ring)
MPRegen 0.11/turn

%: no passive effects
@: no status effects
A: high MP 1, forlorn, divine attributes
a: no special abilities


You were on level 3 of the Dungeon.
You visited 1 branch of the dungeon, and saw 3 of its levels.

You collected 172 gold pieces.

Inventory:

Armour
 a - a +0 robe (worn)
 c - a +0 ring mail
Magical Staves
 i - a staff of earth (weapon)
Wands
 j - a wand of roots (5)
 n - a wand of digging (5)
Scrolls
 d - a scroll of immolation {unknown}
 e - a scroll of vulnerability {unknown}
 g - 2 scrolls of teleportation {unknown}
 l - a scroll of identify {unknown}
Potions
 b - a potion of magic
 f - 3 potions of curing {unknown}
 h - a potion of degeneration {unknown}
 k - 2 potions of flight {unknown}
 m - a potion of haste


   Skills:
 - Level 1.7 Dodging
 - Level 1.7 Stealth
 - Level 1.7 Spellcasting
 + Level 3.2 Conjurations
 - Level 4.3 Ice Magic


You had 2 spell levels left.
You knew the following spells:

 Your Spells              Type           Power      Damage    Failure   Level
a - Freeze                Ice            76%        1d8       2%          1
b - Magic Dart            Conj           60%        1d6       4%          1
c - Call Imp              Summ           2%         N/A       22%         2

Your spell library contained the following spells:

 Spells                   Type           Power      Damage    Failure   Level
 Frozen Ramparts          Ice            38%        1d6       8%          3
 Ozocubu's Armour         Ice            19%        N/A       8%          3
 Mephitic Cloud           Conj/Pois/Air  6%         N/A       28%         3
 Vhi's Electric Charge    Tloc/Air       2%         N/A       41%         3
 Summon Ice Beast         Ice/Summ       10%        N/A       52%         4
 Arcjolt                  Conj/Air       4%         1d14      91%         5
 Maxwell's Capacitive Co  Air            0%         ∞         100%        8


Dungeon Overview and Level Annotations

Branches:
Dungeon (3/15)

Annotations:
D:2 1 runed translucent door, Crazy Yiuf
D:3 Robin


Innate Abilities, Weirdness & Mutations

You have an increased reservoir of magic. (+10% MP)
You shall have no god before yourself.
Your divine heritage dramatically boosts your attributes as you level up.


Message History

Casting: Freeze (safe; 2% risk of failure)
Confirm with . or Enter, or press ? or * to list all spells.
Aiming: Freeze (safe; 2% risk of failure)
Press: ? - help, Shift-Dir - straight line, f/p - goblin
Aim: a goblin, wielding a +0 dagger (heavily wounded, strong)
You freeze the goblin.
The goblin is almost dead.
The goblin completely misses you.
Robin says, "A pitiful Demigod like you will never find the ORB!"
You now have 6/9 mp.
The goblin hits you with a +0 dagger.
Robin points. "Kill!"
Robin roars a battlecry!
You take 3 damage, and have 22/33 hp.
There are monsters nearby!
Casting: Freeze (safe; 2% risk of failure)
Confirm with . or Enter, or press ? or * to list all spells.
Aiming: Freeze (safe; 2% risk of failure)
Press: ? - help, Shift-Dir - straight line, f/p - goblin
Aim: a goblin, wielding a +0 dagger (almost dead, strong)
You freeze the goblin!
You kill the goblin!
You now have 5/9 mp.
Robin throws the goblin at you! The goblin hits you but does no damage.
Robin hits you with a +2 dagger of electrocution.
There are monsters nearby!
Casting: Freeze (safe; 2% risk of failure)
Confirm with . or Enter, or press ? or * to list all spells.
Aiming: Freeze (safe; 2% risk of failure)
Press: ? - help, Shift-Dir - straight line, f - Robin
Aim: Robin, wielding a +2 dagger of electrocution, wearing a +0 leather armour and wearing a +2 helmet (fast)
You freeze Robin!
Robin is heavily wounded.
The goblin closely misses you.
Robin hits you with a +2 dagger of electrocution.
You are electrocuted!
* * * LOW HITPOINT WARNING * * *
You take 14 damage, and have 9/33 hp.
MASSIVE DAMAGE!!
You now have 4/9 mp.
Robin hits you but does no damage.
You are electrocuted!
You die...

................#
................#
................######
..............###........>
..............#[#...#####.
.............##.##..#
.............#...#..#
..............###g..#
.............#..@#..#
.............##g##..#
..............#.#...#
...............#....#####
..............###.........
...............#....######
..............#.#...#
.####.######.##.##.## .#
#.# ##..#...#.#


You could see Robin (fast) and a goblin (strong).

Vanquished Creatures
  An iguana (D:3)
  Ijyb (D:3)
  An adder (D:2)
  2 worms
  3 bats
  5 endoplasms
  A giant cockroach (D:2)
  8 goblins
  5 hobgoblins
  6 kobolds
  4 quokkas
  5 ball pythons
  2 frilled lizards
  2 rats
46 creatures vanquished.

Notes
Turn   | Place    | Note
-------+----------+-------------------------------------------
     0 | D:1      | spardeous the Demigod Ice Elementalist began the quest for
                  | the Orb.
     0 | D:1      | Reached XP level 1. HP: 14/14 MP: 5/5
   519 | D:1      | Reached skill level 4 in Ice Magic
   718 | D:2      | Reached XP level 2. HP: 19/20 MP: 0/7
   893 | D:2      | Found a runed translucent door.
   894 | D:2      | Noticed Crazy Yiuf
  1255 | D:2      | Learned a level 1 spell: Magic Dart
  1258 | D:2      | Learned a level 2 spell: Call Imp
  1487 | D:2      | Reached skill level 1 in Conjurations
  1487 | D:2      | Reached XP level 3. HP: 26/26 MP: 5/8
  1904 | D:3      | Noticed Robin
  2271 | D:3      | Noticed Ijyb
  2290 | D:3      | Killed Ijyb
  2291 | D:3      | Reached XP level 4. HP: 11/33 MP: 0/9
  2760 | D:3      | Slain by Robin

Illustrated notes

Levels and vault maps discovered:
D:1:      scummos_arrival_hexagon, layout_basic
D:2:      layout_loops_corners, uniq_crazy_yiuf_cottage
D:3:      cheibrodos_helix_gallery, layout_basic, minmay_misc_feat_hallway,
          minmay_ruptured, uniq_ijyb, uniq_robin

Skill      XL: |  1  2  3  4 |
---------------+-------------+-----
Ice Magic      | 4 |  4.3
Conjurations   | 1 2 3 |  3.2
Dodging        | |  1.7
Stealth        | |  1.7
Spellcasting   | |  1.7

Action                     |  1- 3 |  4- 6 || total
---------------------------+-------+-------++-------
  Melee: Unarmed           |     6 |       ||     6
         Staff             |     9 |     2 ||    11
   Cast: Freeze            |    50 |    28 ||    78
         Magic Dart        |    11 |       ||    11
 Armour: Robe              |     6 |     7 ||    13
  Dodge: Dodged            |    33 |    22 ||    55
